 Dungeon Crawl Stone Soup version 0.21.1-1-g345015f (webtiles) character file.

1575 cochise the Basher (level 8, -4/112 HPs)
             Began as a Minotaur Berserker on Feb 26, 2018.
             Was an Elder of Trog.
             Slain by a komodo dragon (24 damage)
             ... on level 8 of the Dungeon.
             The game lasted 00:25:48 (5408 turns).

cochise the Basher (Minotaur Berserker)             Turns: 5408, Time: 00:25:50

Health: -4/112     AC: 13    Str: 29    XL:     8   Next: 60%
Magic:  7/7        EV: 16    Int:  4    God:    Trog [****..]
Gold:   352        SH:  6    Dex: 15    Spells: 7/7 levels left

rFire    . . .     SeeInvis .   b - +2 whip (pain)
rCold    . . .     Gourm    .   u - +0 buckler
rNeg     . . .     Faith    .   q - +0 chain mail
rPois    .         Spirit   .   (helmet restricted)
rElec    .         Reflect  +   i - +1 cloak
rCorr    .         Harm     .   (no gloves)
MR       +++..                  (no boots)
Stlth    ..........             g - +3 amulet of reflection
HPRegen  1.28/turn              A - ring of protection from magic
MPRegen  0.10/turn              t - +2 ring of evasion

@: agile, berserking, regenerating, very quick
A: retaliatory headbutt, horns 2
a: Berserk, Trog's Hand, Brothers in Arms, Burn Spellbooks, Renounce Religion


You were on level 8 of the Dungeon.
You worshipped Trog.
Trog was greatly pleased with you.
You were not hungry.

You visited 1 branch of the dungeon, and saw 8 of its levels.

You collected 352 gold pieces.

Inventory:

Hand Weapons
 a - a +2 whip of freezing
 b - a +2 whip of pain (weapon)
 h - a +1 mace of protection
Armour
 i - a +1 cloak (worn)
 q - a +0 chain mail (worn)
 u - a +0 buckler (worn)
Jewellery
 g - a +3 amulet of reflection (around neck)
 t - a +2 ring of evasion (right hand)
 A - a ring of protection from magic (left hand)
Wands
 l - a wand of paralysis (15)
Scrolls
 e - 2 scrolls of fog
 f - 2 scrolls of teleportation {unknown}
 j - 2 scrolls of enchant armour
 v - 3 scrolls of fear
 x - 2 scrolls of remove curse
Potions
 d - 2 potions of might
 m - 4 potions of curing
 n - a potion of cancellation
 o - a potion of haste {unknown}
 p - a potion of lignification {unknown}
 r - a potion of magic {unknown}
 s - a potion of resistance
 w - 2 potions of agility
 z - a potion of ambrosia {unknown}
Books
 y - a book of Flames

   Spells                             Type                      Level
   a - Flame Tongue                   Conjuration/Fire             1
   b - Throw Flame                    Conjuration/Fire             2
   c - Conjure Flame                  Conjuration/Fire             3
   d - Inner Flame                    Hexes/Fire                   3
   e - Sticky Flame                   Conjuration/Fire             4
   f - Fireball                       Conjuration/Fire             5
   Trog disapproves of the use of such an item.
Comestibles
 c - 5 rations


   Skills:
 * Level 8.3 Fighting
 * Level 8.4 Maces & Flails
 * Level 7.8 Armour
 - Level 2.2 Dodging


You had 7 spell levels left.
You didn't know any spells.

Dungeon Overview and Level Annotations

Branches:
Dungeon (8/15)             Temple (0/1) D:4
   Lair: D:8-11

Altars:
Makhleb
Nemelex Xobeh
Okawaru
Sif Muna


Innate Abilities, Weirdness & Mutations

You reflexively headbutt those who attack you in melee.
You have a pair of horns on your head.


Message History

You feel agile all of a sudden. You block the komodo dragon's attack.
You barely miss the komodo dragon.
The komodo dragon is heavily wounded.
You hit the komodo dragon but do no damage.
The komodo dragon is heavily wounded.
The komodo dragon closely misses you. You furiously retaliate!
You headbutt the komodo dragon, but do no damage.
You whack the komodo dragon! Your headbutt misses the komodo dragon.
The komodo dragon is severely wounded.
You block the komodo dragon's attack.
You hit the komodo dragon.
The komodo dragon is severely wounded.
The komodo dragon bites you!
* * * LOW HITPOINT WARNING * * *
You feel better. The komodo dragon barely misses you.
A red film seems to cover your vision as you go berserk!
You feel yourself moving faster!
You feel mighty!
You feel a lot more hungry. The komodo dragon bites you!!
You die...

. ##.....### #.
#........###
#.##...........
#.............
#.............
#.............
##......|.....#
#.....)l.......
#.....)@.....#
#...........##
#...........##
#..........##
#.........##
.........##
#.......##
......#


You could see a komodo dragon.

Vanquished Creatures
  2 ice beasts
  A sky beast (D:6)
  A centaur (D:5)
  4 bullfrogs
  3 scorpions
  2 crimson imps (D:6)
  A centaur zombie (D:5)
  A bullfrog zombie (D:6)
  A bullfrog skeleton (D:4)
  A hound (D:2)
  An orc priest (D:3)
  2 orc wizards
  2 centaur skeletons
  2 iguanas (D:5)
  4 worker ants
  2 hound skeletons
  10 adders
  4 gnolls (D:7)
  3 river rats (D:5)
  A shadow imp (D:6)
  An ooze (D:2)
  An adder zombie (D:5)
  8 worms
  A dart slug (D:1)
  4 leopard geckos
  25 orcs
  6 bats
  4 giant cockroaches
  3 goblins
  A hobgoblin (D:1)
  9 jackals
  9 kobolds
  6 quokkas
  2 ball pythons
  4 frilled lizards
  A jackal skeleton (D:5)
  A leopard gecko skeleton (D:7)
  A quokka skeleton (D:5)
  9 rats
144 creatures vanquished.

Notes
Turn   | Place    | Note
-------+----------+-------------------------------------------
     0 | D:1      | cochise the Minotaur Berserker began the quest for the Orb.
     0 | D:1      | Reached XP level 1. HP: 19/19 MP: 0/0
   155 | D:1      | Reached XP level 2. HP: 24/27 MP: 1/1
   839 | D:2      | Reached XP level 3. HP: 33/33 MP: 2/2
   957 | D:2      | Reached ** piety under Trog
  1177 | D:2      | Found a burning altar of Makhleb.
  1185 | D:2      | Reached XP level 4. HP: 28/41 MP: 3/3
  1849 | D:3      | Reached skill level 5 in Maces & Flails
  1854 | D:3      | Reached skill level 5 in Fighting
  1857 | D:3      | Reached XP level 5. HP: 23/48 MP: 4/4
  2196 | D:4      | Found a staircase to the Ecumenical Temple.
  2328 | D:4      | Reached XP level 6. HP: 35/56 MP: 5/5
  2484 | D:4      | Reached *** piety under Trog
  2623 | D:4      | Reached skill level 5 in Armour
  2812 | D:5      | Entered Level 5 of the Dungeon
  2937 | D:5      | Reached XP level 7. HP: 55/63 MP: 6/6
  3594 | D:5      | Found a deep blue altar of Sif Muna.
  4256 | D:6      | Reached XP level 8. HP: 59/73 MP: 7/7
  4491 | D:6      | Reached **** piety under Trog
  5044 | D:7      | Found a sparkling altar of Nemelex Xobeh.
  5045 | D:7      | Found an iron altar of Okawaru.
  5380 | D:8      | Noticed a komodo dragon
  5408 | D:8      | Slain by a komodo dragon

Skill      XL: |  1  2  3  4  5  6  7  8 |
---------------+-------------------------+-----
Maces & Flails | 4 5 6 7 8 |  8.4
Fighting       | 4 5 6 7 8 |  8.3
Armour         | 3 4 5 6 7 |  7.8
Dodging        | |  2.2

Action                   |  1- 3 |  4- 6 |  7- 9 || total
-------------------------+-------+-------+-------++-------
Melee: Mace              |    63 |   128 |       ||   191
       Headbutt          |     7 |    30 |    40 ||    77
       Flail             |       |     2 |       ||     2
       Whip              |       |    28 |   201 ||   229
Invok: Berserk           |       |       |     1 ||     1
       Trog's Hand       |       |       |     1 ||     1
  Use: Scroll            |       |     8 |     3 ||    11
       Potion            |       |       |     4 ||     4
 Stab: Sleeping          |     1 |       |       ||     1
  Eat: Ration            |       |     2 |     2 ||     4
       Chunk             |       |     1 |     1 ||     2
Armor: Leather armour    |    11 |     5 |       ||    16
       Ring mail         |       |    14 |       ||    14
       Chain mail        |       |    18 |    72 ||    90
Dodge: Dodged            |    43 |    62 |    64 ||   169
Block: Other             |     5 |     7 |       ||    12
       Reflection        |     1 |       |       ||     1
       Buckler           |       |    26 |    41 ||    67
